 Dungeon Crawl Stone Soup version 0.24.0-37-gcf1ca852f1 (webtiles) character file.

Game seed: 9417341935864703476, levelgen mode: deterministic

9450 Fistmachine the Cleaver (level 11, -3/102 HPs)
             Began as a Hill Orc Fighter on Nov 10, 2019.
             Was a Priest of Beogh.
             Killed by refrigeration
             ... invoked by Fannar
              (24 damage)
             ... on level 10 of the Dungeon on Nov 21, 2019.
             The game lasted 00:59:01 (11667 turns).

Fistmachine the Cleaver (Hill Orc Fighter)         Turns: 11667, Time: 00:59:01

Health: -3/102     AC: 21    Str: 23    XL:     11   Next: 46%
Magic:  11/11      EV:  6    Int: 10    God:    Beogh [***...]
Gold:   524        SH: 12    Dex: 10    Spells: 10/10 levels left

rFire    . . .     SeeInvis .   s - +4 war axe
rCold    . . .     Gourm    .   c - +0 shield
rNeg     . . .     Faith    .   w - +0 plate armour
rPois    .         Spirit   .   q - +1 helmet
rElec    .         Reflect  .   u - +1 cloak
rCorr    .         Harm     .   j - +0 pair of gloves
MR       .....                  (no boots)
Stlth    ..........             (no amulet)
HPRegen  0.27/turn              a - +3 ring of protection
MPRegen  0.12/turn              (no ring)

@: no status effects
A: icy blue scales 1, clever 1, deformed body
a: Smiting, Renounce Religion


You were on level 10 of the Dungeon.
You worshipped Beogh.
Beogh was most pleased with you.
You were near starving.

You visited 1 branch of the dungeon, and saw 10 of its levels.

You collected 524 gold pieces.

Inventory:

Hand Weapons
 g - the +3 trident "Demonslayer" {speed, rPois}
   (You found it on level 7 of the Dungeon)

   Attacks with this weapon are significantly faster.
   It protects you from poison.
 s - a +4 war axe (weapon)
Missiles
 n - 6 atropa-tipped darts (quivered)
Armour
 b - a +0 scale mail
 c - a +0 shield (worn)
 j - a +0 pair of gloves (worn)
 q - a +1 helmet (worn)
 r - a scarf of cloud immunity
 u - a +1 cloak (worn)
 w - a +0 plate armour (worn)
Jewellery
 a - a +3 ring of protection (left hand)
Wands
 d - a wand of disintegration (18)
 o - a wand of iceblast (14)
Scrolls
 e - 2 scrolls of teleportation
 h - 2 scrolls of identify
 i - 3 scrolls of enchant weapon
 k - 3 scrolls of remove curse
 p - 2 scrolls of amnesia {unknown}
 y - a scroll of blinking
 B - a scroll of magic mapping
 C - a scroll of enchant armour {unknown}
 D - a scroll of fear {unknown}
Potions
 l - a potion of cancellation
 m - a potion of brilliance
 t - 3 potions of degeneration
 v - 2 potions of ambrosia
 z - a potion of invisibility
 A - a potion of haste
 E - a potion of curing
Comestibles
 f - 21 rations


   Skills:
 + Level 11.0 Fighting
 + Level 11.6 Axes
 + Level 10.2 Armour
 + Level 10.3 Shields


You had 10 spell levels left.
You didn't know any spells.
Your spell library contained the following spells:

 Spells                   Type           Power        Failure   Level  Hunger
 Corona                   Hex            #......      100%        1    ##.....
 Magic Dart               Conj           #...         100%        1    ##.....
 Ensorcelled Hibernation  Hex/Ice        #.....       100%        2    ###....
 Searing Ray              Conj           #.....       100%        2    ###....
 Confuse                  Hex            #.......     100%        3    ####...
 Dazzling Spray           Conj/Hex       #.....       100%        3    ####...
 Tukima's Dance           Hex            #.......     100%        3    ####...
 Force Lance              Conj/Tloc      #.......     100%        4    #####..
 Fulminant Prism          Conj/Hex       #.........   100%        4    #####..
 Iskenderun's Mystic Bla  Conj           #.......     100%        4    #####..


Dungeon Overview and Level Annotations

Branches:
Dungeon (10/15)            Temple (0/1) D:4            Lair (0/6) D:8
    Orc: D:9-12

Altars:
Dithmenos
Elyvilon
Gozag
Makhleb
Okawaru
Sif Muna
Uskayaw
Xom
Zin
The Shining One

Annotations:
D:7 1 runed translucent door, Crazy Yiuf
D:8 2 runed translucent doors, Grum
D:9 exclusion: downstairs
D:10 Fannar, Urug


Innate Abilities, Weirdness & Mutations

You are partially covered in icy blue scales. (AC +2)
Your mind is acute. (Int +2)
Armour fits poorly on your strangely shaped body.


Message History

Fannar glares icily.
Fannar gestures wildly while chanting.
You slice the ice beast!!
You kill the ice beast!
You closely miss the ice beast. x2; You block the ice beast's attack.
Fannar casts a spell.
You block the ice beast's attack.
The ice beast hits you but does no damage.
Fannar casts a spell at you. The bolt of cold hits you!
* * * LOW HITPOINT WARNING * * *
The ice beast hits you but does no damage.
You miss Fannar.
Fannar is severely wounded.
You slash the ice beast! x2
The ice beast hits you but does no damage.
Fannar mumbles some strange words.
Fannar drains the heat from the surrounding environment!
You feel very cold.
You die...

.. ... . #.####.. ....
#......# ...# #......#
... #......# .. #......#
.# #......#
.#############)Y########
.............)..@eY.....
.###...########Y########
.# #...# #.# .###...#
#.. ..##..)# ##.#
..##...# .# ..##...# .#
..##...# .# ########


You could see Fannar and 3 ice beasts.

Vanquished Creatures
  Harold (D:7)
  2 two-headed ogres
  Psyche (D:8)
  A komodo dragon (D:8)
  A troll (D:9)
  A hornet (D:6)
  2 hippogriffs
  A wyvern (D:8)
  5 yaks (D:10)
  3 hungry ghosts
  2 water moccasins
  3 orc warriors
  5 ice beasts
  2 phantoms
  A sky beast (D:7)
  2 black bears
  7 centaurs
  2 ogres
  2 eyes of draining
  A big kobold (D:9)
  A crocodile (D:9)
  5 bullfrogs
  3 scorpions
  3 killer bees (D:9)
  3 wights (D:10)
  2 bullfrog zombies
  10 crimson imps
  3 jellies
  2 quasits
  A centaur skeleton (D:8)
  3 hounds
  9 orc wizards
  3 orc priests
  A bullfrog skeleton (D:5)
  3 iguanas
  Jessica (D:2)
  5 worker ants
  3 hound skeletons
  3 worker ant zombies
  Robin (D:2)
  8 gnolls
  A howler monkey skeleton (D:4)
  13 adders
  2 shadow imps
  7 oozes
  An adder zombie (D:5)
  2 adder skeletons
  2 worms
  3 dart slugs
  5 leopard geckos
  17 orcs
  4 giant cockroaches
  14 hobgoblins
  14 jackals
  10 quokkas
  2 ball pythons
  8 bats
  3 frilled lizards
  9 goblins
  13 kobolds
  A leopard gecko zombie (D:5)
  A quokka zombie (D:9)
  9 rats
259 creatures vanquished.

Vanquished Creatures (others)
  A crimson imp (D:10)
  An orc wizard (D:10)
  4 orcs
  A bat (D:1)
  2 plants (D:8)
9 creatures vanquished.

Grand Total: 268 creatures vanquished

Notes
Turn   | Place    | Note
-------+----------+-------------------------------------------
     0 | D:1      | Fistmachine the Hill Orc Fighter began the quest for the
                  | Orb.
     0 | D:1      | Reached XP level 1. HP: 19/19 MP: 1/1
   113 | D:1      | Reached XP level 2. HP: 26/27 MP: 2/2
   369 | D:1      | Reached XP level 3. HP: 29/33 MP: 3/3
   877 | D:2      | Reached XP level 4. HP: 40/40 MP: 4/4
   933 | D:2      | Found a glowing silver altar of Zin.
   965 | D:2      | Noticed Jessica
   977 | D:2      | Killed Jessica
  1238 | D:2      | Reached XP level 5. HP: 47/47 MP: 5/5
  1526 | D:2      | Noticed Robin
  1531 | D:2      | Killed Robin
  1620 | D:2      | Found a shimmering altar of Xom.
  1622 | D:2      | Found a shimmering altar of Xom.
  1623 | D:2      | Found a shimmering altar of Xom.
  1624 | D:2      | Found a shimmering altar of Xom.
  1647 | D:2      | Found a shimmering altar of Xom.
  2110 | D:3      | Upgraded the game from 0.24.0-13-gcf9b3192b9 to
                  | 0.24.0-28-g17ded55e90
  2332 | D:3      | Found a burning altar of Makhleb.
  2589 | D:4      | Reached XP level 6. HP: 51/55 MP: 6/6
  2634 | D:4      | Noticed a +0 hand axe
  2634 | D:4      | Noticed a +0 dagger
  2636 | D:4      | Found a hide-covered altar of Uskayaw.
  2642 | D:4      | Reached skill level 5 in Fighting
  3058 | D:4      | Reached skill level 5 in Axes
  3058 | D:4      | Reached skill level 5 in Shields
  3097 | D:4      | Found a glowing golden altar of the Shining One.
  3112 | D:4      | Found a staircase to the Ecumenical Temple.
  3159 | D:4      | Found a shadowy altar of Dithmenos.
  3161 | D:4      | Became a worshipper of Beogh the Brigand
  3451 | D:5      | Entered Level 5 of the Dungeon
  3610 | D:5      | Reached skill level 5 in Armour
  3610 | D:5      | Reached XP level 7. HP: 61/61 MP: 7/7
  3638 | D:5      | Found an iron altar of Okawaru.
  3640 | D:5      | Found an opulent altar of Gozag.
  4185 | D:5      | Found a white marble altar of Elyvilon.
  4383 | D:5      | Found a shimmering blue altar of Sif Muna.
  4481 | D:5      | Upgraded the game from 0.24.0-28-g17ded55e90 to
                  | 0.24.0-37-gcf1ca852f1
  4509 | D:4      | Reached XP level 8. HP: 6/71 MP: 8/8
  5647 | D:6      | Reached * piety under Beogh
  5653 | D:6      | Identified the cursed +0 robe of the Flute {rN+ Stlth+}
  5767 | D:6      | Found a shimmering altar of Xom.
  6226 | D:7      | Noticed a hornet
  6235 | D:6      | Paralysed by a hornet for 1 turns
  6239 | D:6      | Paralysed by a hornet for 1 turns
  6242 | D:6      | Paralysed by a hornet for 1 turns
  6247 | D:6      | Paralysed by a hornet for 2 turns
  6272 | D:6      | Killed a hornet
  6629 | D:6      | Reached XP level 9. HP: 76/80 MP: 9/9
  6763 | D:7      | Got a steaming trident
  6764 | D:7      | Identified the cursed +3 trident "Demonslayer" {speed,
                  | rPois} (You found it on level 7 of the Dungeon)
  7085 | D:7      | Reached ** piety under Beogh
  7174 | D:7      | Noticed Harold
  7378 | D:7      | Found a white marble altar of Elyvilon.
  7678 | D:7      | Found a runed translucent door.
  7679 | D:7      | Noticed Crazy Yiuf
  7777 | D:7      | Killed Harold
  7777 | D:7      | Reached XP level 10. HP: 46/91 MP: 10/10
  7784 | D:7      | Gained mutation: Armour fits poorly on your strangely
                  | shaped body. [potion of mutation]
  7784 | D:7      | Gained mutation: Your mind is acute. (Int +2) [potion of
                  | mutation]
  7784 | D:7      | Gained mutation: You are partially covered in icy blue
                  | scales. (AC +2) [potion of mutation]
  8654 | D:8      | Noticed a two-headed ogre
  8665 | D:8      | Killed a two-headed ogre
  8665 | D:8      | Reached skill level 10 in Axes
  9113 | D:8      | Reached skill level 10 in Fighting
  9223 | D:8      | Reached *** piety under Beogh
  9245 | D:8      | Found a large runed translucent door.
  9246 | D:8      | Found a large runed translucent door.
  9463 | D:8      | Noticed Grum
  9571 | D:8      | Found a staircase to the Lair.
  9578 | D:8      | Noticed Psyche
  9586 | D:8      | Killed Psyche
  9968 | D:8      | Reached XP level 11. HP: 101/101 MP: 11/11
 10727 | D:9      | Reached skill level 10 in Shields
 10753 | D:9      | Found a shimmering altar of Xom.
 11122 | D:10     | Entered Level 10 of the Dungeon
 11122 | D:10     | Noticed Urug
 11193 | D:10     | Reached skill level 10 in Armour
 11513 | D:10     | Noticed a two-headed ogre
 11529 | D:10     | Killed a two-headed ogre
 11629 | D:10     | Noticed Fannar
 11667 | D:10     | Killed from afar by Fannar

Levels and vault maps discovered:
D:1:      psy_arrival_basics, layout_basic
D:2:      layout_basic, lemuel_round_altar, first_ration, xom_redecorated,
          uniq_robin, uniq_jessica
D:3:      layout_basic, lemuel_round_altar
D:4:      cheibrodos_old_hovel, layout_loops_ring, tso_oasis_becter,
          old_standard_altar, dancing_weapons_uskayaw,
          minmay_temple_entry_statues_pillars, minivault_25, minivault_19,
          serial_park_tiny_1, roderic_lattice_a
D:5:      layout_basic, led_sif_pool,
          chequers_temple_overflow_statue_of_worship, lemuel_altar_in_water
D:6:      layout_rooms, nicolae_overflow_crystal_walls
D:7:      layout_gridville, elyvilon_altar_3, grunt_ogre_cave,
          uniq_crazy_yiuf_cottage, uniq_harold
D:8:      layout_basic, david_lair_shrubbed, jmf_multi_god_temple2, uniq_grum,
          uniq_psyche
D:9:      layout_loops_ring, basic_altar, chequers_jeans
D:10:     layout_basic, uniq_joseph, uniq_fannar, uniq_urug

Skill      XL: |  1  2  3  4  5  6  7  8  9 10 11 |
---------------+----------------------------------+-----
Axes           | 3 4 5 6 7 9 10 11 | 11.6
Fighting       | 4 5 6 7 9 10 11 | 11.0
Shields        | 4 5 6 7 8 9 10 | 10.3
Armour         | 4 5 6 8 9 10 | 10.2

Action                   |  1- 3 |  4- 6 |  7- 9 | 10-12 || total
-------------------------+-------+-------+-------+-------++-------
Melee: War axe           |   117 |   225 |   435 |   357 ||  1134
       Trident           |       |       |    47 |       ||    47
Throw: Dart              |       |       |     2 |       ||     2
Invok: Convert to Beogh  |       |     1 |       |       ||     1
       Smiting           |       |       |       |     2 ||     2
Evoke: Wand              |       |       |     3 |    15 ||    18
  Use: Potion            |       |     1 |    11 |     2 ||    14
       Scroll            |       |     6 |     1 |     3 ||    10
  Eat: Chunk             |       |     7 |     5 |     7 ||    19
       Ration            |       |     1 |     3 |     2 ||     6
Armor: Scale mail        |    69 |   104 |    41 |       ||   214
       Plate armour      |       |       |   214 |   160 ||   374
       Skin              |       |       |    26 |       ||    26
Dodge: Dodged            |    32 |    68 |    93 |    66 ||   259
Block: Shield            |    68 |   111 |   256 |   203 ||   638
